 Dungeon Crawl Stone Soup version 0.25.0-26-g0c896c7088 (webtiles) character file.

Game seed: 1033128258580795751

14639 xccam the Party-goer (level 12, -5/81 HPs)
             Began as an Octopode Assassin on July 2, 2020.
             Was a Believer of Uskayaw.
             Slain by Nattefrost's ghost (29 damage)
             ... on level 11 of the Dungeon.
             The game lasted 00:20:32 (15509 turns).

xccam the Party-goer (Octopode Assassin)           Turns: 15509, Time: 00:20:32

Health: -5/81      AC:  1    Str: 18    XL:     12   Next: 18%
Magic:  0/19       EV: 20    Int: 13    God:    Uskayaw [**....]
Gold:   528        SH:  7    Dex: 17    Spells: 11/11 levels left

rFire    + . .     SeeInvis .   a - +3 dagger (drain)
rCold    . . .     Gourm    .   p - +1 buckler
rNeg     + + .     Faith    .   (helmet restricted)
rPois    +         Spirit   +   u - amulet of guardian spirit
rElec    .         Reflect  .   n - ring of protection from magic
rCorr    .         Harm     .   s - ring of positive energy
MR       ++...                  B - ring of protection from magic
Stlth    ++++++....             k - ring of protection from fire (curse)
HPRegen  0.23/turn              (no ring)
MPRegen  0.16/turn              F - +6 ring of strength
                                f - ring of positive energy
                                J - ring "Goegg" {rPois Slay+4}

@: mighty, stab
A: almost no armour, stealthy swim, amphibious, 8 rings, constrict 8, camouflage
1, gelatinous body 1
a: Stomp, Line Pass, Renounce Religion


You were on level 11 of the Dungeon.
You worshipped Uskayaw.
Uskayaw was aware of your devotion.
You were not hungry.

You visited 2 branches of the dungeon, and saw 12 of its levels.

You collected 528 gold pieces.

Inventory:

Hand Weapons
 a - a +3 dagger of draining (weapon)
 L - a +4 dagger of chaos
Missiles
 b - 24 poisoned darts (quivered)
 c - 2 curare-tipped darts
Armour
 p - a +1 buckler (worn)
Jewellery
 f - a ring of positive energy (on tentacle)
 k - a cursed ring of protection from fire (on tentacle)
 n - a ring of protection from magic (left tentacle)
 s - a ring of positive energy (right tentacle)
 u - an amulet of guardian spirit (around mantle)
 B - a ring of protection from magic (on tentacle)
 F - a +6 ring of strength (on tentacle)
 J - the ring "Goegg" (on tentacle) {rPois Slay+4}
   (You took it off an orc on level 10 of the Dungeon)

   [ring of slaying]

   It affects your accuracy and damage with ranged weapons and melee attacks
   (+4).
   It protects you from poison.
 N - an uncursed ring of ice
Wands
 h - a wand of flame (31)
 v - a wand of iceblast (11)
 y - a wand of random effects (11)
 C - a wand of disintegration (10)
Scrolls
 g - 4 scrolls of identify
 i - 5 scrolls of fog
 j - 4 scrolls of teleportation
 l - a scroll of amnesia
 o - 4 scrolls of remove curse
 q - a scroll of fear
 A - 2 scrolls of enchant armour
 D - a scroll of random uselessness {unknown}
 I - a scroll of holy word {unknown}
 K - a scroll of blinking
Potions
 e - a potion of flight
 m - a potion of magic
 r - a potion of resistance
 t - a potion of stabbing
 w - 3 potions of lignification {unknown}
 x - a potion of mutation {unknown}
 z - a potion of berserk rage {unknown}
 E - a potion of brilliance {unknown}
Comestibles
 d - 21 rations
 M - 5 chunks of flesh


   Skills:
 + Level 7.1 Fighting
 - Level 10.0 Short Blades
 - Level 2.0 Throwing
 + Level 9.4 Dodging
 - Level 10.0 Stealth
 - Level 5.0 Shields
 + Level 10.4 Invocations


You had 11 spell levels left.
You didn't know any spells.
Your spell library contained the following spells:

 Spells                   Type           Power        Failure   Level  Hunger
 Beastly Appendage        Tmut           #.....       30%         1    ##.....
 Sting                    Tmut/Pois      #...         30%         1    ##.....
 Poisonous Vapours        Pois/Air       #.....       43%         2    ###....
 Sticks to Snakes         Tmut           #.......     43%         2    ###....
 Confusing Touch          Hex            #.......     67%         3    ####...
 Gell's Gravitas          Tloc           #.........   67%         3    ####...
 Ignite Poison            Fire/Tmut/Pois #.......     67%         3    ####...
 Mephitic Cloud           Conj/Pois/Air  #.......     67%         3    ####...
 Spider Form              Tmut/Pois      #.........   67%         3    ####...
 Ice Form                 Ice/Tmut       #.......     97%         4    #####..
 Olgreb's Toxic Radiance  Pois           #.......     97%         4    #####..
 Petrify                  Tmut/Erth      #.......     97%         4    #####..
 Blade Hands              Tmut           #.........   100%        5    ######.
 Metabolic Englaciation   Hex/Ice        #.........   100%        5    ######.
 Yara's Violent Unravell  Hex/Tmut       #.........   100%        5    ######.


Dungeon Overview and Level Annotations

Branches:
Dungeon (11/15)            Temple (1/1) D:5            Lair (0/6) D:9
    Orc (0/2) D:10

Altars:
Ashenzari
Cheibriados
Dithmenos
Elyvilon
Fedhas
Gozag
Hepliaklqana
Kikubaaqudgha
Makhleb
Nemelex Xobeh
Okawaru
Qazlal
Ru
Sif Muna
Trog
Uskayaw
Vehumet
Wu Jian
Xom
Yredelemnul
Zin
The Shining One
Beogh

Shops:
D:10 (

Annotations:
D:9 3 runed translucent doors, Sedillia's ghost, novice BaHu
D:11 Nattefrost's ghost, journeyman TrBe


Innate Abilities, Weirdness & Mutations

You cannot wear most types of armour.
You are very stealthy in the water. (Stealth+)
You are amphibious.
You can wear up to eight rings at the same time.
You can use your tentacles to constrict eight enemies at once.
Your skin changes colour to match your surroundings (Stealth+).
Your rubbery body absorbs attacks. (AC +1, EV +1)


Message History

You hit Nattefrost's ghost but do no damage.
Nattefrost's ghost is moderately damaged.
You feel very mighty all of a sudden. Nattefrost's ghost hits you!
* * * LOW HITPOINT WARNING * * *
You feel much better. Nattefrost's ghost misses you.
You puncture Nattefrost's ghost!
Nattefrost's ghost is moderately damaged.
Nattefrost's ghost hits you!!
* * * LOW HITPOINT WARNING * * *
You can now pass through a line of other dancers.
You hit Nattefrost's ghost. You squeeze Nattefrost's ghost!
Nattefrost's ghost is heavily damaged.
You hit Nattefrost's ghost but do no damage.
Your squeeze misses Nattefrost's ghost.
Nattefrost's ghost is heavily damaged.
Nattefrost's ghost hits you!
* * * LOW HITPOINT WARNING * * *
You feel much better. Nattefrost's ghost hits you!!
You die...

##..............[#.##.# #..#....
...####.©.####...#)##.# #..#####
.###. #####..##..#.##.# #..#
##..#.$()(....#..#.##.# #..#
#....###=..##.##...##.# #..#
##.#.....#.....#.####.# #..#
.#...#..©††##..#)# #.# #..#
.#?.##..#......#.## #.# #..#####
.#....#H..#...##@.###.####.......
.##...y..#....#.W#..........#####
..##©###[.#####.#..##########
#.(###©####........#
##....Wl.........###
#####.......##### #########


You could see Nattefrost's ghost.

Vanquished Creatures
  Fannar (D:11)
  3 death yaks (D:9)
  A two-headed ogre (D:11)
  3 orc knights (D:10)
  2 centaur zombies
  Psyche (D:11)
  A komodo dragon (D:11)
  2 trolls
  3 hippogriffs
  A vampire (D:11)
  A redback (D:11)
  A wyvern (D:11)
  11 yaks
  Grum (D:11)
  2 soldier ants (D:9)
  8 orc warriors
  4 ice beasts
  A black bear (D:10)
  A hornet zombie (D:10)
  2 wolves (D:11)
  A sky beast (D:6)
  A phantom (D:5)
  6 ogres
  3 centaurs
  2 big kobolds
  5 bullfrogs
  A wyvern zombie (D:6)
  A water moccasin zombie (D:7)
  2 water moccasin skeletons
  2 scorpions
  3 killer bees (D:11)
  4 wights (D:10)
  2 howler monkeys
  A bullfrog zombie (D:6)
  4 crimson imps
  5 centaur skeletons
  A quasit (D:6)
  3 jellies
  10 orc priests
  6 hounds
  Jessica (D:2)
  Natasha (thrice) (D:2)
  Terence (D:2)
  An iguana (D:10)
  10 orc wizards
  4 worker ants
  A hound zombie (D:7)
  A hound skeleton (D:5)
  2 worker ant zombies
  3 gnolls (D:6)
  15 adders
  4 shadow imps
  3 oozes
  5 worms
  3 dart slugs
  6 leopard geckos
  68 orcs
  6 giant cockroaches
  8 goblins
  2 hobgoblins
  20 jackals
  13 kobolds
  2 quokkas
  3 ball pythons
  11 bats
  2 frilled lizards (D:1)
  A gnoll zombie (D:7)
  A jackal zombie (D:7)
  7 rats
  A rat zombie (D:7)
321 creatures vanquished.

Notes
Turn   | Place    | Note
-------+----------+-------------------------------------------
     0 | D:1      | xccam the Octopode Assassin began the quest for the Orb.
     0 | D:1      | Reached XP level 1. HP: 14/14 MP: 1/1
    52 | D:1      | Reached XP level 2. HP: 15/19 MP: 2/2
   672 | D:1      | Reached XP level 3. HP: 24/24 MP: 3/3
  1344 | D:2      | Found an ancient bone altar of Kikubaaqudgha.
  1667 | D:2      | Reached XP level 4. HP: 26/29 MP: 4/4
  1704 | D:2      | Noticed Terence
  1711 | D:2      | Killed Terence
  1784 | D:2      | Found a snail-covered altar of Cheibriados.
  1805 | D:2      | Noticed Natasha
  1812 | D:2      | Killed Natasha
  1812 | D:2      | Reached skill level 5 in Short Blades
  1812 | D:2      | Reached XP level 5. HP: 34/34 MP: 5/5
  1913 | D:2      | Noticed Jessica
  1922 | D:2      | Killed Jessica
  2460 | D:2      | Noticed Natasha
  2468 | D:2      | Killed Natasha
  3335 | D:2      | Noticed Natasha
  3339 | D:2      | Killed Natasha
  3398 | D:3      | Reached XP level 6. HP: 39/39 MP: 6/6
  4624 | D:3      | Reached skill level 1 in Shields
  5127 | D:4      | Reached XP level 7. HP: 37/45 MP: 7/7
  5803 | D:5      | Entered Level 5 of the Dungeon
  5803 | D:5      | Found a shimmering altar of Xom.
  6076 | D:5      | Found a staircase to the Ecumenical Temple.
  6084 | Temple   | Entered the Ecumenical Temple
  6163 | D:5      | Found a hide-covered altar of Uskayaw.
  6172 | D:5      | Became a worshipper of Uskayaw the Reveler
  6180 | D:5      | Reached * piety under Uskayaw
  6182 | D:5      | Reached ** piety under Uskayaw
  6197 | D:5      | Reached *** piety under Uskayaw
  6198 | D:5      | Reached XP level 8. HP: 40/50 MP: 6/8
  6204 | D:5      | Reached **** piety under Uskayaw
  6211 | D:5      | Reached ***** piety under Uskayaw
  6877 | D:6      | Reached skill level 5 in Shields
  7850 | D:6      | Reached skill level 10 in Short Blades
  7850 | D:6      | Reached XP level 9. HP: 54/54 MP: 9/9
  7858 | D:6      | Reached skill level 1 in Invocations
  8094 | D:6      | Found a hazy altar of Hepliaklqana.
  9287 | D:7      | Found a white marble altar of Elyvilon.
  9427 | D:7      | Found a basalt altar of Yredelemnul.
  9503 | D:7      | Found a hide-covered altar of Uskayaw.
 10078 | D:8      | Reached skill level 5 in Fighting
 10078 | D:8      | Reached skill level 5 in Invocations
 10078 | D:8      | Reached XP level 10. HP: 41/66 MP: 7/13
 10311 | D:8      | Found a sparkling altar of Nemelex Xobeh.
 10502 | D:8      | Reached skill level 5 in Dodging
 11105 | D:9      | Found a shattered altar of Ashenzari.
 11418 | D:9      | HP: 2/68 [centaur warrior skeleton (4)]
 11430 | D:9      | HP: 1/68 [centaur warrior skeleton (4)]
 11436 | D:9      | HP: 2/68 [centaur warrior skeleton (5)]
 11744 | D:9      | Found a runed translucent gate.
 11745 | D:9      | Noticed a red ugly thing
 11746 | D:9      | Found a runed translucent gate.
 11746 | D:9      | Noticed a deep troll
 11750 | D:9      | Noticed Sedillia's ghost (novice BaHu)
 11751 | D:9      | Found a runed translucent gate.
 11765 | D:9      | Noticed a death yak
 12069 | D:9      | Found a staircase to the Lair.
 12070 | D:9      | Noticed a death yak
 12074 | D:9      | Noticed a death yak
 12105 | D:9      | Killed a death yak
 12105 | D:9      | Reached XP level 11. HP: 32/72 MP: 8/17
 12167 | D:9      | Killed a death yak
 12296 | D:9      | Killed a death yak
 12841 | D:10     | Entered Level 10 of the Dungeon
 12984 | D:10     | Found a roughly hewn altar of Beogh.
 12984 | D:10     | Found a staircase to the Orcish Mines.
 12984 | D:10     | Noticed an orc knight
 13417 | D:10     | Noticed an orc knight
 13424 | D:10     | Noticed an orc knight
 13462 | D:10     | Killed an orc knight
 13543 | D:10     | Killed an orc knight
 13652 | D:10     | Killed an orc knight
 13902 | D:10     | Found Hoinwo's Antique Weapon Shoppe.
 14016 | D:10     | Identified the ring "Goegg" {rPois Slay+4}
 14337 | D:11     | Noticed Nattefrost's ghost (journeyman TrBe)
 14338 | D:11     | Found a transporter.
 14388 | D:11     | Noticed a two-headed ogre
 14394 | D:11     | Killed a two-headed ogre
 14394 | D:11     | Reached skill level 10 in Stealth
 14449 | D:11     | Found a transporter.
 14460 | D:11     | Noticed a moth of wrath
 14659 | D:11     | Reached skill level 10 in Invocations
 14818 | D:11     | Noticed Grum
 14822 | D:11     | Noticed Psyche
 14825 | D:11     | Killed Grum
 14829 | D:11     | Killed Psyche
 14829 | D:11     | Reached XP level 12. HP: 60/80 MP: 14/19
 14951 | D:11     | Noticed Fannar
 14957 | D:11     | Killed Fannar
 15508 | D:11     | HP: 2/81 [Nattefrost's ghost (14)]
 15509 | D:11     | Slain by Nattefrost's ghost

Illustrated notes

Levels and vault maps discovered:
D:1:      nicolae_arrival_somewhat_less_tricky_arrival, layout_basic,
          kennysheep_decorative_pillar
D:2:      layout_basic, cheibriados_altar_1, kiku_gazebo_garden_becter,
          uniq_terence, uniq_jessica, uniq_natasha
D:3:      layout_basic
D:4:      layout_loops_ring
D:5:      layout_basic, xom_butterflies, minmay_temple_entry_butterflies,
          first_ration, basic_altar
D:6:      minmay_chambers_of_threes, layout_loops_cross,
          nicolae_overflow_hidden_temple
D:7:      layout_rooms, kennysheep_ying_yang, eat_drink_and_be_merry_uskayaw,
          enter_ossuary_3
D:8:      layout_basic, lemuel_doored_altar
D:9:      layout_loops_ring, nicolae_overflow_crystal_walls, dpeg_lair_monsters,
          gammafunk_ghost_split, hangedman_pestilent_swarm
D:10:     layout_basic, david_orc_5, serial_shops, shop_fountains
D:11:     layout_loops_ring, gammafunk_ghost_berserking_beasts, uniq_fannar,
          uniq_grum, uniq_psyche
Temple:   nicolae_temple_god_jail

Skill      XL: |  1  2  3  4  5  6  7  8  9 10 11 12 |
---------------+-------------------------------------+-----
Short Blades   | 3 4 5 6 7 10 | 10.0
Shields        | 2 4 5 |  5.0
Invocations    | 5 8 10 | 10.4
Dodging        | 4 7 9 |  9.4
Fighting       | 5 6 7 |  7.1
Stealth        | 10 | 10.0
Throwing       | |  2.0

Action                   |  1- 3 |  4- 6 |  7- 9 | 10-12 || total
-------------------------+-------+-------+-------+-------++-------
Melee: Dagger            |    64 |   136 |   345 |   399 ||   944
       Constrict         |    16 |    35 |    53 |    46 ||   150
       Tentacles         |     7 |    29 |    83 |   119 ||   238
Evoke: Wand              |       |       |     2 |    11 ||    13
  Use: Potion            |       |       |     3 |     7 ||    10
       Scroll            |       |       |    15 |     2 ||    17
 Stab: Sleeping          |    11 |    20 |    18 |    15 ||    64
       Distracted        |       |     1 |       |       ||     1
       Paralysed         |       |       |    12 |    32 ||    44
  Eat: Chunk             |     2 |     7 |    13 |    13 ||    35
       Ration            |       |     1 |     1 |     1 ||     3
Armor: Skin              |    11 |     2 |     3 |     7 ||    23
Dodge: Dodged            |    57 |    58 |    96 |   144 ||   355
Block: Buckler           |       |     6 |    43 |    57 ||   106
